 Dungeon Crawl Stone Soup version 0.16-a0-1276-g18860b1 (webtiles) character file.

650 JacquesDerrida the Insei (level 7, 0/52 HPs)
             Began as a Purple Draconian Transmuter on Oct 14, 2014.
             Slain by an iguana (7 damage)
             ... on level 4 of the Dungeon.
             The game lasted 00:17:16 (3901 turns).

JacquesDerrida the Insei (DrTm)                     Turns: 3901, Time: 00:17:16

Health: 0/52       AC:  6    Str: 12    XL:     7   Next: 28%
Magic:  11/12      EV: 12    Int: 15    God:
Gold:   192        SH:  0    Dex: 12    Spells: 3 memorised, 1 level left

rFire  . . .     SeeInvis .       - Unarmed
rCold  . . .     Clarity  .     (armour unavailable)
rNeg   . . .     SustAb   .     (no shield)
rPois  +         Gourm    .     (helmet restricted)
rElec  +         Spirit   .     (no cloak)
rCorr  .         Warding  .     (no gloves)
rMut   .         Stasis   .     (no boots)
MR     +....                    (no amulet)
Stlth  +.........               p - cursed ring of poison resistance
                                k - ring of wizardry

@: short of breath, appendage (expiring), somewhat resistant to hostile
enchantments, very unstealthy
A: breathe power, unfitting armour, big wings, horns 2, mutation resistance 1,
electricity resistance, cold-blooded, AC +6
a: Breathe Dispelling Energy, Fly, End Transformation


You were on level 4 of the Dungeon.
You were hungry.
You had grown temporary horns.
You visited 1 branch of the dungeon, and saw 5 of its levels.

You collected 192 gold pieces.

Inventory:

Missiles
 b - 55 arrows
 c - 6 poisoned needles
 n - 2 steel javelins (quivered)
Armour
 j - a +0 large shield
Jewellery
 k - a ring of wizardry (left hand)
 p - a cursed ring of poison resistance (right hand)
 s - a cursed ring of loudness {unknown}
Magical devices
 o - a wand of flame (18)
 q - a wand of disintegration (0)
Scrolls
 e - a scroll of recharging {unknown}
 f - 2 scrolls of teleportation
 i - a scroll of amnesia {unknown}
 l - a scroll of enchant weapon {unknown}
 u - a scroll of noise {unknown}
 v - a scroll of enchant armour {unknown}
Potions
 r - a potion of restore abilities
 w - a potion of confusion {unknown}
Books
 d - a book of Changes

   Spells                             Type                      Level
   *Beastly Appendage                 Transmutation                1
   Sticks to Snakes                   Transmutation                2
   *Spider Form                       Transmutation/Poison         3
   Ice Form                           Ice/Transmutation            4
   *Blade Hands                       Transmutation                5
Comestibles
 a - 6 bread rations
 g - 2 beef jerkies
 h - 2 meat rations
 m - a chunk of worker ant flesh
 t - a royal jelly


   Skills:
 - Level 1.1 Fighting
 - Level 1.7 Dodging
 + Level 7.9 Unarmed Combat
 - Level 2.4 Spellcasting
 + Level 3.7 Transmutations


You had one spell level left.
You knew the following spells:

 Your Spells              Type           Power        Failure   Level  Hunger
a - Beastly Appendage     Trmt           ##....       2%          1    #......
b - Spider Form           Trmt/Pois      #.........   14%         3    ####...
c - Blade Hands           Trmt           ##........   73%         5    ######.


Dungeon Overview and Level Annotations

Branches:
Dungeon (5/15)
 Temple: D:4-7

Altars:
Nemelex Xobeh
Vehumet


Innate Abilities, Weirdness & Mutations

You can breathe bolts of energy.
You can dispel enchantments when you breathe energy.
Your rich purple scales are hard (AC +6).
Your body does not fit into most forms of armour.
Your cold-blooded metabolism reacts poorly to cold.
Your wings are large and strong.
You have a pair of horns on your head.
You are somewhat resistant to further mutation.
You are resistant to electric shocks.


Message History

You kill the giant cockroach!
You completely miss the iguana.
You headbutt the iguana, but do no damage.
The iguana bites you!
* * * LOW HITPOINT WARNING * * *
You hit the iguana but do no damage.
You headbutt the iguana, but do no damage.
Your transformation is almost over.
You hit the iguana.
Your tail-slap misses the iguana.
The iguana is lightly wounded.
The iguana barely misses you.
You hit the iguana.
The iguana is moderately wounded.
The iguana misses you.
Drink which item? (? for menu, Esc to quit)
Okay, then.
You hit the iguana.
The iguana is heavily wounded.
The iguana bites you!
You die...

....# #######...................
....# #.##.........>...... ...##
##.##.#.#............ ......#
#..#..#.####.)....... ###....#
#.##.##.# #......... #.###...##
#%##.##.# #.........
...###....###.<..#..# #.........
....# #........###.#######...####
....# ###......l@...............#
....####.....#.#..##......^.....#
.....##....#.....###.##.........#
...#....#............#####...####
..####....##.....##### #...# .##
#..#........## #...#
......#..........# #####
..........##.#...# ........##
#.......


You could see an iguana.

Vanquished Creatures
  Purgy (D:4)
  A phantom (D:4)
  An ice beast (D:5)
  A centaur zombie (D:5)
  2 hounds (D:4)
  An orc wizard (D:3)
  3 worker ants
  A hound skeleton (D:5)
  6 adders
  A shadow imp (D:5)
  4 worms
  An iguana skeleton (D:4)
  3 giant geckos
  3 oozes
  6 orcs
  A ball python (D:2)
  14 bats
  5 giant cockroaches
  10 goblins
  4 hobgoblins
  7 jackals
  A quokka (D:4)
  4 giant newts
  A goblin skeleton (D:4)
  10 kobolds
  A kobold skeleton (D:4)
  An orc skeleton (D:5)
  7 rats
101 creatures vanquished.

Vanquished Creatures (others)
  3 jackals (D:3)
3 creatures vanquished.

Grand Total: 104 creatures vanquished

Notes
Turn   | Place    | Note
--------------------------------------------------------------
     0 | D:1      | JacquesDerrida, the Draconian Transmuter, began the quest for the Orb.
     0 | D:1      | Reached XP level 1. HP: 16/16 MP: 3/3
   113 | D:1      | Reached XP level 2. HP: 12/23 MP: 4/4
   250 | D:1      | HP: 1/23 [hobgoblin (4)]
   253 | D:1      | Gained mutation: You are somewhat resistant to further mutation. [potion of mutation]
   253 | D:1      | Gained mutation: You are resistant to electric shocks. [potion of mutation]
   253 | D:1      | Gained mutation: Your wings are large and strong. [potion of mutation]
   258 | D:1      | HP: 1/23 [hobgoblin (1)]
   538 | D:1      | Reached skill level 4 in Unarmed Combat
   739 | D:1      | Reached XP level 3. HP: 24/28 MP: 4/6
   800 | D:2      | Learned a level 3 spell: Spider Form
  1517 | D:2      | Reached skill level 5 in Unarmed Combat
  1517 | D:2      | Reached XP level 4. HP: 23/35 MP: 5/7
  2072 | D:3      | Reached XP level 5. HP: 19/40 MP: 7/9
  2456 | D:4      | Noticed a phantom
  2477 | D:4      | Killed a phantom
  2477 | D:4      | Reached skill level 6 in Unarmed Combat
  2524 | D:4      | Reached XP level 6. HP: 11/47 MP: 10/10
  2704 | D:4      | Noticed Purgy
  2721 | D:5      | Entered Level 5 of the Dungeon
  2735 | D:5      | Reached skill level 7 in Unarmed Combat
  2761 | D:5      | Learned a level 5 spell: Blade Hands
  3250 | D:5      | Found a sparkling altar of Nemelex Xobeh.
  3264 | D:5      | Found a radiant altar of Vehumet.
  3797 | D:4      | Your scales start taking on a rich purple colour.
  3797 | D:4      | Reached XP level 7. HP: 37/52 MP: 10/12
  3888 | D:4      | Killed Purgy
  3901 | D:4      | Slain by an iguana

Action                   |  1- 3 |  4- 6 |  7- 9 || total
-------------------------+-------+-------+-------++-------
Melee: Unarmed           |   191 |   197 |    19 ||   407
Throw: Javelin           |       |     2 |       ||     2
 Cast: Beastly Appendage |    16 |    15 |     1 ||    32
 Abil: Fly               |     1 |       |     1 ||     2
       Breathe Dispellin |       |       |     3 ||     3
Evoke: Wand              |       |     2 |     2 ||     4
  Use: Potion            |     1 |     5 |       ||     6
       Scroll            |       |     4 |       ||     4
  Eat: Chunk             |     3 |     8 |       ||    11
